 Dungeon Crawl Stone Soup version 0.27.0-1-g7a089689b8 (webtiles) character file.

Game seed: 9559587220281259327

0 Spectrina the Ducker (level 1, -2/13 HPs)
             Began as a Deep Elf Monk on Aug 6, 2021.
             Was a Believer of Qazlal.
             Killed from afar by a dart slug (3 damage)
             ... with a slug dart
             ... on level 1 of the Dungeon.
             The game lasted 00:00:20 (36 turns).

Spectrina the Ducker (Deep Elf Monk)                  Turns: 36, Time: 00:00:20

Health: -2/13      AC:  2    Str:  8    XL:     1   Next: 8%
Magic:  3/3        EV: 13    Int: 14    God:    Qazlal [**....]
Gold:   0          SH:  3    Dex: 17    Spells: 0/0 levels left

rFire    . . .     SeeInvis .   a - +0 short sword
rCold    . . .     Faith    .   (no shield)
rNeg     . . .     Spirit   .   b - +0 robe
rPois    .         Reflect  .   (no helmet)
rElec    .         Harm     .   (no cloak)
rCorr    .         Rampage  .   (no gloves)
Will     .....                  (no boots)
Stlth    ++........             (no amulet)
HPRegen  0.04/turn              (no ring)
MPRegen  0.08/turn              (no ring)

@: no status effects
A: no striking features
a: Renounce Religion, Upheaval


You were on level 1 of the Dungeon.
You worshipped Qazlal.
Qazlal was pleased with you.
You visited 1 branch of the dungeon, and saw 1 of its levels.

Inventory:

Hand Weapons
 a - a +0 short sword (weapon)
Armour
 b - a +0 robe (worn)


   Skills:
 - Level 2.4 Fighting
 - Level 3.0 Short Blades
 - Level 3.6 Dodging
 - Level 2.4 Stealth
 + Level 0.3 Spellcasting


You couldn't memorise any spells.
You didn't know any spells.
Your spell library was empty.

Dungeon Overview and Level Annotations

Branches:
Dungeon (1/15)

Altars:
Qazlal


Message History

The dart slug misses you.
You hit the dart slug.
The dart slug is heavily wounded.
You hit the dart slug but do no damage.
The dart slug is heavily wounded.
The dart slug launches a dart at you. The slug dart hits you.
The goblin hits you but does no damage.
You hit the dart slug.
The dart slug is severely wounded.
The dart slug launches a dart at you. The slug dart misses you.
The slug dart hits the withered plant.
The withered plant begins to crumble.
The goblin closely misses you.
You hit the dart slug.
The dart slug is almost dead.
The rat bites the demonic plant.
The demonic plant begins to die.
The dart slug launches a dart at you. You block the slug dart.
The goblin hits you but does no damage.
The rat bites the demonic plant.
The dart slug misses you. The goblin hits you with a +0 dagger.
The withered plant crumbles away.
A nearby demonic plant withers and dies.
The dart slug launches a dart at you. The slug dart hits you.
The goblin hits the fungus with a +0 dagger.
The fungus begins to die.
The dart slug launches a dart at you. The slug dart hits you.
The goblin hits you with a +0 dagger.
* * * LOW HITPOINT WARNING * * *
The goblin hits the fungus with a +0 dagger.
You barely miss the rat. The rat misses you.
The goblin completely misses the fungus.
You hit the rat.
You kill the rat!
Qazlal accepts your kill.
The dart slug completely misses the fungus.
Unknown command.
A nearby fungus withers and dies.
The goblin completely misses you. The dart slug launches a dart at you.
The slug dart hits you.
You die...

#.#...## # #####...###
## .........#########.#
#
......###....#....###.#
.....#..P..P.#.PP..P.#
....##..PP...#..PP.P.###
...#BPP......#......P.P#
...#.....P..._g...P...P#
.. #..P..P...#.@P......#
..##...PP..#.wP...P##.
## #^P.....#.P.....#
#.###.P..#....###.. ##
#.#########.. .# ## ###
#


You could see a dart slug and a goblin.

Vanquished Creatures
  A rat (D:1)
1 creature vanquished.

Vanquished Creatures (others)
  A demonic plant (D:1)
  A fungus (D:1)
  A withered plant (D:1)
3 creatures vanquished.

Grand Total: 4 creatures vanquished

Notes
Turn   | Place    | Note
-------+----------+-------------------------------------------
     0 | D:1      | Spectrina the Deep Elf Monk began the quest for the Orb.
     0 | D:1      | Reached XP level 1. HP: 13/13 MP: 3/3
    13 | D:1      | Found a faded altar of an unknown god.
    22 | D:1      | Became a worshipper of Qazlal Stormbringer
    22 | D:1      | Reached * piety under Qazlal
    22 | D:1      | Reached ** piety under Qazlal
    36 | D:1      | Killed from afar by a dart slug

Illustrated notes

Levels and vault maps discovered:
D:1:      dpeg_arrival_tiny_h, layout_rooms, shapermc_ecumenical_altar_gd

Action                   || total
-------------------------++-------
Melee: Short sword       ||     7
Armor: Robe              ||     2
Dodge: Dodged            ||     6
Block: Other             ||     1
